[Event "86th Tata Steel Masters 2024"]
[Site "Wijk aan Zee"]
[Date "2024.01.20"]
[Round "7.3"]
[White "Vidit, Santosh Gujrathi"]
[Black "Firouzja, Alireza"]
[Result "1-0"]
[ECO "B90"]
[WhiteElo "2742"]
[BlackElo "2759"]
[Annotator "GM Rafael Leitão"]
[PlyCount "83"]
[EventDate "2024.??.??"]
[TimeControl "40/6000+30:3000+30"]

1. e4 c5 2. Nf3 d6 3. d4 cxd4 4. Nxd4 Nf6 5. Nc3 a6 6. h3 Nc6
{Um lance que foge da escolha típica dos jogadores de Najdorf, que certamente
se sentem mais atraídos por 6...e5 ou 6...e6, mas que ainda é perfeitamente
possível, assim como 6...g6.} 7. Be3 (7. g4 {é uma alternativa importante.})
7... e5 8. Nb3 (8. Nxc6 {foi tentado em uma partida de elite recentemente:}
bxc6 9. f4 {Dominguez Perez-Shankland, Saint Louis rápido 2023.}) 8... Be6 9.
Qf3 {Esta casa não parece a mais confortável para a dama e o leitor pode se
perguntar por que esta peça não vai para d2. Como costuma acontecer, o
cálculo fornece a resposta. Com a dama em d2, o lance 9...d5 é muito mais
atraente para as Negras.} (9. Qd2 d5 $1 {[%c_effect d5;square;d5;type;
GreatFind;persistent;true] Este lance não funciona bem com a dama em f3, como
veremos.}) 9... Nb4 (9... d5 10. exd5 {Ao contrário do que acontece com a
dama em d2, aqui as Negras não podem capturar em d5 com o cavalo.} Bxd5 {
Um lance estranho.} (10... Nxd5 $2 {[%c_effect d5;square;d5;type;Mistake;
persistent;true] perde para} 11. O-O-O) 11. Qg3 {Este é provavelmente o mais
desagradável. As Brancas têm a iniciativa.} (11. Nxd5 Qxd5 12. Qxd5 Nxd5 {
As Brancas também podem lutar pela vantagem neste final.})) (9... Rc8 {
foi jagado em Wijk aan Zee há alguns anos. O famoso jogador de Brancas
conseguiu vantagem depois de:} 10. O-O-O Na5 11. Bg5 Be7 12. Bxf6 Bxf6 13. Nd5
Bg5+ 14. Kb1 {Carlsen-Donchenko, Tata Steel Wijk aan Zee 2021.}) 10. O-O-O Rc8
11. Kb1 $1 {[%c_effect b1;square;b1;type;GreatFind;persistent;true] Mais uma
vez o princípio “em caso de dúvida, jogue Rb1” mostra o seu valor.} (11.
a3 {não é tão bom, já que o típico sacrifício de qualidade em c3 vem em
uma versão melhorada.} Rxc3 $1 12. bxc3 Nc6 {com uma boa compensação para as Negras.
Kasparov certa vez chamou o sacrifício em c3 de \"uma questão de cultura\".
Devo admitir que me falta cultura suficiente para saber quando é bom e quando
é ruim, já que na partida isso também será possível. Com o peão em a3 e
o rei ainda em c1, a ala da dama parece mais desprotegida do que o normal.
Isso foi jogado na partida entre Erigaisi e Delgado Ramirez, no Sharjah
Masters de 2021.}) 11... Qc7 {Estamos nos aproximando do momento crítico da
partida e aqui eu gostaria de abordar um mito típico que existe sobre as
partidas dos grandes mestres de elite, ou seja, que eles sabem tudo na
abertura. Julgando pelo tempo gasto e também pelos comentários de Vidit
após a partida, ambos os jogadores já estavam fora da preparação, mesmo
que a posição fosse tática, com lances naturais que também são sugeridos
pelo computador e por várias partidas de grandes mestres fortes. Isso
demonstra mais uma vez, para aqueles que ainda duvidam, que o que vence
partidas mesmo nesse nível é a habilidade no tabuleiro e não a memória.} (
11... Rxc3 {Aqui, o sacrifício mais refinado aparentemente não é tão bom.}
12. bxc3 Nc6 13. g4 {A ala da dama está muito melhor protegida e as Brancas
avançam rapidamente com g5 e h4.}) 12. a3 {Este lance traz grandes
complicações, já que as Negras são forçadas a sacrificar o cavalo.} (12.
Bg5 $1 {[%c_effect g5;square;g5;type;GreatFind;persistent;true] é
objetivamente mais forte e já foi tentado em algumas partidas.} Be7 13. a3 (
13. Bxf6 {também é possível:} Bxf6 14. a3 Nc6 15. Nd5 Bxd5 16. exd5 Na5 17.
Nxa5 Qxa5 18. Bd3 {A posição das Brancas é mais confortável porque seu rei
está mais seguro nesta posição com bispos de cores opostas.}) 13... Nc6 14.
Bd3 $1 {[%c_effect d3;square;d3;type;GreatFind;persistent;true] Um lance novo.}
(14. Nd5 Nxd5 15. exd5 Bxd5 $1 16. Qxd5 Bxg5 {está perto da igualdade: Stukopin-Wang,
Chicago, 2015.}) 14... b5 15. Bxf6 Bxf6 16. Nd5 {As Brancas têm a iniciativa.
Se as Negras fizerem lances naturais, a posição se tornará perigosa muito
rapidamente, por exemplo:} Bxd5 17. exd5 Ne7 18. Nd2 $1 Ng6 19. g3 {Seguido por h4, Ce4 e assim
por diante.}) 12... Nxc2 $1 {[%c_effect c2;square;c2;type;GreatFind;persistent;
true] A única maneira de justificar o lance anterior.} 13. Kxc2 Qc6 $1 {
[%c_effect c6;square;c6;type;GreatFind;persistent;true] Atacando o peão em e4
e também preparando Da4.} 14. Nd2 $1 (14. Bd3 Qa4 $1 {[%c_effect a4;square;a4;type;GreatFind;
persistent;true] recupera a peça. O computador ainda avalia isso como igual.})
14... Qa4+ $146 {[%c_effect a4;square;a4;type;Mistake;keyPressed;undefined;
persistent;true] Uma novidade teórica e o erro decisivo da partida. 14...d5
é um lance praticamente automático e sem dúvida Firouzja o teria jogado em
uma partida de blitz. O lance realizado é refutado de mais de uma maneira:
além do que Vidit fez, 15.b3 também concede uma grande vantagem às Brancas.}
(14... d5 $1 {[%c_effect d5;square;d5;type;GreatFind;persistent;true] é
necessário, com uma posição caótica que vem sendo discutida em algumas
partidas importantes.} 15. exd5 Nxd5 16. Nc4 {A opção mais segura,
devolvendo material.} (16. Rc1 {é interessante e complicado:} Qa4+ 17. Kb1
Nxc3+ 18. Rxc3 Rxc3 19. bxc3 f5 $1 {[%c_effect f5;square;f5;type;GreatFind;
persistent;true] Uma novidade importante.} (19... Bxa3 {foi a escolha em todas
as partidas, mas não iguala após} 20. Bd3) 20. Bc4 $5 (20. Qxb7 $2 {[%c_effect b7;square;b7;
type;Mistake;persistent;true] perde para} Qd1+ 21. Kb2 Bxa3+ 22. Kxa3 Qa1+ 23.
Kb4 Qb2+ {e a dama é capturada.}) 20... Bxc4 21. Qxf5 Qb5+ 22. Ka1 (22. Kc2
Qa4+ {termina em xeque perpétuo.}) 22... Bd3 23. Qc8+ Kf7 24. Nf3 h6 $1 {
[%c_effect h6;square;h6;type;GreatFind;persistent;true] O único lance $1 As
Negras evitam Cg5+.} 25. Qc7+ Kg8 26. Nxe5 Be4 27. Qf7+ Kh7 28. Nd7 $1 {
[%c_effect d7;square;d7;type;GreatFind;persistent;true] Ameaçando mate em Cf6.
} Qf5 $1 29. Qxf5+
Bxf5 30. Nxf8+ Rxf8 31. Rd1 {As Brancas têm um peão a mais, mas um empate é
o resultado mais provável.}) 16... Nxc3 17. Qxc6+ Rxc6 18. bxc3 Bxc4 19. Bxc4
Rxc4 20. Rd5 $1 Be7 {
As duas partidas que encontrei nesta posição terminaram empatadas.} (20... f6
{é muito ganancioso:} 21. Rhd1 Be7 22. Rd7 {com a iniciativa.})) ({RR} 14...
d5 15. exd5 Nxd5 16. Ndb1 Qa4+ 17. Kd2 Qb3 18. Ke1 Nxe3 19. Qxe3 Qxb2 20. Qxe5
Bc5 21. Rd2 Qc1+ 22. Rd1 Qb2 23. Rd2 Qc1+ 24. Rd1 Qb2 25. Be2 O-O 26. Kf1 Rfe8
27. Qf4 Bxa3 28. Nxa3 Rxc3 29. Nb1 {Osmak,I (2343)-Gritsayeva,O (2321) Moscow
2017 0-1 (57)}) 15. Kd3 $1 {[%c_effect d3;square;d3;type;GreatFind;persistent;
true] A melhor resposta.} (15. Kb1 $2 Rxc3 $1 16. bxc3 d5 {As Negras alcançam uma posição dos sonhos com muita
compensação.}) (15. b3 {também é possível:} Qc6 (15... Qxa3 $2 16. Bc4 {As Negras
estão totalmente perdidas.}) 16. Bg5 Nxe4 {A única maneira de lutar.} 17.
Ndxe4 d5 {As Brancas certamente podem obter vantagem de mais de uma maneira
aqui, mas a continuação da partida é mais convincente.}) 15... Rxc3+ $146 {
há como voltar atrás. As Negras têm que tentar abrir a posição do rei.}
16. bxc3 d5 17. Ke2 $1 {[%c_effect e2;square;e2;type;GreatFind;persistent;true]
Vidit se prepara para esconder o rei em e1. Após a partida, ele admitiu que
não estava certo da avaliação neste ponto (o computador considera a
posição das Brancas como ganha), mas jogou com excelente precisão em uma
posição complicada.} dxe4 18. Qg3 Nd7 19. Ke1 (19. f4 {Este é um bom lance
para libertar as peças e poderia ter sido jogado aqui e em outras posições.}
) 19... f5 20. Be2 {A vantagem de ter mais material é que você pode devolver
parte dele e ainda permanecer à frente na contagem.} g6 (20... f4 21. Bxf4
exf4 22. Qxf4 {com uma vitória simples: o rei está seguro, o peão em e4
está prestes a cair e as Brancas têm uma qualidade a mais.}) 21. h4 (21. f4 {
é outra maneira de finalizar o desenvolvimento.}) 21... Be7 22. Bg5 (22. f4 {
é novamente possível, por exemplo:} exf3 23. Qxf3 {com uma posição ganha.
As Negras não têm jogo suficiente para justificar estar com uma torre a
menos. Se...} Bxh4+ 24. g3) 22... f4 23. Bxf4 exf4 24. Qxf4 Rf8 (24... Bd5 {
protege o peão em e4 e é a única chance, mas a posição das Brancas ainda
está ganha.}) 25. Qxe4 Qxe4 26. Nxe4 Bxa3 27. h5 {O final é fácil de ganhar
para as Brancas. Elas têm uma qualidade inteira a mais. O restante não
requer muitos comentários.} Bf5 28. Rd4 Ne5 29. hxg6 Bxg6 30. Bh5 Nc6 31. Rd5
Ke7 32. Bxg6 hxg6 33. Rh7+ Ke6 34. Rdd7 b5 35. f3 Rc8 36. Rb7 b4 37. cxb4 (37.
Rhc7 {também é muito bom.}) 37... Bxb4+ 38. Ke2 a5 39. Rhg7 Ne5 40. Ke3 Rc6
41. f4 Ng4+ 42. Kd4 {Precisão Chess.Com: Brancas 94.2% Pretas 88.5%} 1-0

[Event "86th Tata Steel Masters 2024"]
[Site "Wijk aan Zee"]
[Date "2024.01.21"]
[Round "8.6"]
[White "Firouzja, Alireza"]
[Black "Ding, Liren"]
[Result "1-0"]
[ECO "D40"]
[WhiteElo "2759"]
[BlackElo "2780"]
[Annotator "GM Rafael Leitão"]
[PlyCount "85"]
[EventDate "2024.??.??"]
[TimeControl "40/6000+30:3000+30"]

1. d4 Nf6 2. c4 e6 3. Nf3 d5 4. Nc3 c5 5. e3 Nc6
6. a3 {Esta linha proporcionou uma vitória importante para Ding, com as
peças brancas, contra Nakamura no Torneio de Candidatos.} dxc4 7. Bxc4 a6 8.
Ba2 {Um recuo raro.} (8. Bd3 b5 9. dxc5 Bxc5 10. b4 Be7 11. O-O Bb7 12. Bb2 O-O
13. Ne4 Nxe4 14. Bxe4 f5 15. Bb1 Qxd1 16. Rxd1 Rfd8 {com um final igual em
Ding-Nakamura, Torneio de Candidatos, Madrid 2022.}) (8. O-O {é o lance mais
popular.}) 8... b5 9. Qc2 $5 {[%c_effect c2;square;c2;type;Interesting;
persistent;true] Uma ideia nova. Firouzja já havia jogado isso antes, mas
aparentemente o campeão mundial não estava bem preparado para isso.} cxd4 (
9... Qb6 $6 {[%c_effect b6;square;b6;type;Inaccuracy;persistent;true] permite
o avanço do peão de d:} 10. d5 {com a iniciativa.}) (9... Bb7 $5 {[%c_effect
b7;square;b7;type;Interesting;persistent;true] é um sacrifício de peão
interessante:} 10. dxc5 Bxc5 11. Nxb5 Nd7 {com compensação pelo peão devido
ao bom desenvolvimento e ao poderoso bispo em b7.}) 10. exd4 (10. Nxb5 $4 {
[%c_effect b5;square;b5;type;Blunder;persistent;true] perde uma peça após}
Qa5+) 10... Bb7 (10... Nxd4 {é um lance crítico que leva a posições muito
complicadas e linhas de computador estranhas. É impossível fazer este lance
sem analisá-lo com a máquina.} 11. Nxd4 Qxd4 12. Nd5 $1 Qe5+ $1 {[%c_effect e5;square;e5;
type;GreatFind;persistent;true] Uma novidade importante.} (12... Nxd5 $2 {
[%c_effect d5;square;d5;type;Mistake;persistent;true] é ruim:} 13. Qc6+ Ke7
14. Qxa8 Qe5+ 15. Kf1 {com vantagem para as Brancas em Firouzja-Nepomniachtchi,
St. Louis Rapid 2022.}) 13. Kf1 (13. Be3 {permite que as Negras capturem o
bispo em poucos lances.} Nxd5 14. Qc6+ Ke7 15. Qxa8 Nxe3 16. Qa7+ Kf6 17. Qxe3
Bd6 {com compensação pela qualidade.}) 13... exd5 (13... Nxd5 {também é
possível:} 14. Qc6+ Kd8 15. Qxa8 Bc5 16. Bxd5 exd5 17. Be3 $1 Bxe3 18. fxe3 {com caos no
tabuleiro. Parece mais fácil jogar de Brancas.}) 14. Qc6+ Kd8 15. Bd2 $1 {
[%c_effect d2;square;d2;type;GreatFind;persistent;true] As complicações
continuam, mas pouparei o leitor das muitas variantes de difícil compreensão
que são apontadas pela máquina.} (15. Qxa8 $2 Bc5 {O computador indica uma vantagem decisiva para
as Negras. O rei branco está inseguro.})) ({RR} 10... Nxd4 11. Nxd4 Qxd4 12.
Nd5 Nxd5 13. Qc6+ Ke7 14. Qxa8 Qe5+ 15. Kf1 Qd4 16. Bg5+ Kd7 17. Bxd5 Qxd5 18.
Qxd5+ exd5 19. Rd1 Bb7 20. Be3 b4 21. axb4 Bxb4 22. Bd4 Rc8 23. h4 Rc2 24. Rh3
g6 25. Rf3 {Firouzja,A (2778)-Nepomniachtchi,I (2792) Saint Louis USA 2022 1/
2-1/2 (46)}) 11. d5 $1 exd5 (11... Nxd5 {É difícil dizer qual captura é melhor. O problema
com esta é que o rei perde um defensor.} 12. Nxd5 exd5 13. O-O Be7 14. Bb1 $5
{[%c_effect b1;square;b1;type;Interesting; persistent;true] Um lance curioso
que evita o roque das Negras e mantém uma iniciativa perigosa na prática.})
12. Bg5 $146 {Um lance novo.} (12. O-O Be7 13. Rd1 Na5 14. Bg5 O-O {com
igualdade em Jumabayev-Narayanan, Wch Rapid Almaty 2022.}) ({RR} 12. O-O Be7
13. Rd1 Na5 14. Bg5 O-O 15. Qf5 Nc4 16. Rd4 Qc8 17. Qc2 Nd6 18. Re1 Nde4 19.
Qd3 Bc5 20. Bxf6 Nxf6 21. Rh4 Re8 22. Rc1 Qe6 23. Kf1 Qb6 24. Nd1 Ne4 25. Rc2
Qg6 {0-1 (25) Jumabayev,R (2609)-Narayanan,S (2669) Almaty KAZ 2022}) 12... Be7
13. Rd1 (13. Bxf6 {não é suficiente para uma vantagem:} Bxf6 14. Nxd5 O-O 15.
O-O Ne5 {com trocas em massa.} (15... Nd4 {também é bom.})) 13... d4 $6 {
[%c_effect d4;square;d4;type;Inaccuracy;persistent;true] Esse lance leva a uma
posição perigosa. As Negras desperdiçam tempo precioso e abrem a diagonal
do bispo perigoso em a2. A maneira correta de se defender envolve a manobra
Ca5-c4.} (13... Na5 $5 14. Bxf6 Bxf6 15. Nxd5 O-O 16. O-O Nc4 (16... Rc8 {também é possível.
}) 17. Bxc4 bxc4 18. Qxc4 Bxb2 {O equilíbrio material é restaurado e as
Negras estão seguras.}) (13... O-O 14. O-O Na5 $1 {[%c_effect a5;square;a5;
type;GreatFind;persistent;true] com a ideia de Cc4.}) 14. O-O O-O 15. Rfe1 {
Todas as peças brancas estão em jogo e as Negras precisam encontrar um lance
quase impossível para minimizar o dano.} b4 {Pensei em colocar um sinal
duvidoso nesse lance, mas considerando a dificuldade do correto, achei que
seria injusto.} (15... h6 $2 {[%c_effect h6; square;h6;type;Mistake;persistent;
true] é um erro típico:} 16. Bxh6 $1 gxh6 17. Qg6+ Kh8 18. Qxh6+ Nh7 19. Nd5 {com um ataque
decisivo. O bispo branco pode chegar a b1 e não há defensores suficientes
para o rei negro.}) (15... Qd6 $1 {[%c_effect d6;square;d6;type;GreatFind;
persistent;true] é o caminho correto, mas isso é muito difícil de encontrar,
para dizer o mínimo. As Brancas têm muitas continuações tentadoras, mas
nenhum lance decisivo. Uma possível variante é:} 16. Ne4 (16. Bxf6 Bxf6 17.
Ne4 Qf4 {e as Negras escapam.}) 16... Nxe4 17. Qxe4 Bf6 18. Bb1 g6 19. Qh4 Bg7
20. Ba2 {A iniciativa continua perigosa, mas as Negras podem defender com um
bom jogo.}) 16. Bb1 $6 {[%c_effect b1;square; b1;type;Inaccuracy;persistent;
true] Mais uma vez é difícil colocar um sinal duvidoso, mas desta vez é
necessário.} (16. Ne2 $1 {[%c_effect e2;square;e2; type;GreatFind;persistent;
true] é a melhor maneira: o cavalo pode capturar em d4 ou ir para g3.
Firouzja é um jogador muito agressivo e preferiu um sacrifício de qualidade
a recuar um cavalo.}) 16... g6 {A única maneira de defender.} 17. Rxe7 $1 {
[%c_effect e7;square;e7;type;GreatFind;persistent;true] Justificando o lance
anterior.} (17. axb4 Nxb4 18. Qe2 Re8 19. Rxd4 Qb6 {está igualado.}) (17. Ne2
Rc8 {também está ok para as Negras.}) 17... Nxe7 18. Rxd4 Qc7 $2 {[%c_effect
c7;square;c7;type;Mistake;persistent;true] Um erro grave que perde a partida
imediatamente. A dama não tem uma casa boa, mas algum cavalo deveria ir para
d5.} (18... Qb6 $2 {[%c_effect b6;square;b6;type; Mistake;persistent;true]
perde material depois de} 19. Rxb4 Qc6 20. Bxf6 Qxf6 21. Rxb7) (18... Qe8 $6 {
[%c_effect e8;square;e8;type;Inaccuracy;persistent; true] também é ruim:} 19.
axb4 $1 Ned5 20.
Nxd5 Nxd5 21. Bh6 {as Brancas recuperam a qualidade e mantêm a iniciativa.}) (
18... Ned5 {é um bom lance:} 19. Ne4 {Provavelmente o mais perigoso.} (19.
Nxd5 Bxd5 20. Bxf6 Qxf6 21. Rxd5 Rac8 {está claro que isso é bom para as
Negras, pois elas estão muito ativas.}) (19. axb4 Qb6 {as Brancas mantêm uma
boa compensação pela qualidade, mas não há mate à vista.}) 19... Qe7 $1 {
[%c_effect e7;square;e7;type;GreatFind; persistent;true] Outro lance muito
difícil. As Negras são salvas por um milagre. O ponto é que} 20. Rxd5 $2 {
[%c_effect d5;square;d5;type;Mistake; persistent;true] perde para} Qxe4) (18...
Nfd5 $1 {[%c_effect d5;square;d5; type;GreatFind;persistent;true] Esta é a
melhor defesa na prática.} 19. axb4 (19. Nxd5 Bxd5 {não é tão perigoso.})
19... Qb6 {ainda prefiro as Brancas, mas a posição é de dois gumes.} (19...
Qc7 {também é possível, mas é preciso encontrar um recurso inacreditável.}
20. Nxd5 Nxd5 21. Qd2 h6 $3 {[%c_effect h6;square;h6;type;Brilliant;persistent;
true] O único lance. O xadrez é difícil.} 22. Bxh6 (22. Bh4 Rac8 $1 {
[%c_effect c8;square;c8;type; GreatFind;persistent;true] Agora a casa c1 está
desprotegida.}) 22... Rfd8 {Parece que as Negras estão conseguindo se salvar
nisso.})) 19. Ne4 $1 {[%c_effect e4;square;e4;type;GreatFind;persistent;true]
Um golpe instantâneo que não foi percebido por Ding. As Negras perdem
material.} Qxc2 20. Nxf6+ Kg7 21. Bxc2 {As duas peças são muito mais fortes
que a torre, especialmente com um bispo de casas escuras tão devastador.} Rac8
22. Ng4 $1 Ng8 (
22... Rxc2 23. Bf6+ Kg8 24. Nh6#) 23. Bb3 bxa3 24. bxa3 Rc3 25. Rb4 {O resto
da partida é fácil para Firouzja.} Bxf3 26. gxf3 Rxf3 27. Ne3 {A torre está
presa.} h6 28. Bd1 (28. Bf4 {também ganha facilmente.}) 28... Rxf2 29. Bxh6+
$1 Nxh6 30. Kxf2 Rd8
31. Ke2 Rd6 32. Bb3 Rf6 33. a4 Rc6 34. Bc4 f5 35. Rb7+ Kf6 36. Rh7 $1 Ng4 37. Nxg4+ fxg4
38. Bd3 Rb6 39. Ra7 Rb2+ 40. Ke3 Rxh2 41. Rxa6+ Ke5 42. Ra5+ Kf6 43. Kf4 {
Precisão Chess.Com: Brancas 95.8% Pretas 91.3%} 1-0